 Dungeon Crawl Stone Soup version 0.29-a0-284-gf9362112df (webtiles) character file.

Game seed: 14039107549184869951

177 Zonian the Chiller (level 5, -5/35 HPs)
             Began as a Demonspawn Ice Elementalist on Mar 22, 2022.
             Slain by a gnoll
             ... wielding a +0 halberd
              (13 damage)
             ... on level 2 of the Dungeon.
             The game lasted 00:05:24 (3267 turns).

Zonian the Chiller (Demonspawn Ice Elementalist)    Turns: 3267, Time: 00:05:25

Health: -5/35      AC:  6    Str:  9    XL:     5   Next: 30%
Magic:  9/9        EV: 12    Int: 18    God:
Gold:   78         SH:  4    Dex: 13    Spells: 9/10 levels left

rFire   . . .      SeeInvis .   f - +0 dagger
rCold   . . .      Faith    .   (no shield)
rNeg    . . .      Spirit   .   a - +0 robe
rPois   .          Reflect  .   (helmet restricted)
rElec   .          Harm     .   (no cloak)
rCorr   .          Rampage  .   (no gloves)
Will    .....                   (no boots)
Stlth   ++........              (no amulet)
HPRegen 0.11/turn               g - +4 ring of protection
MPRegen 0.11/turn               (no ring)

@: slowed, very slow
A: antennae 1, large bone plates 1, demonic guardian 1
a: no special abilities


You were on level 2 of the Dungeon.
You visited 1 branch of the dungeon, and saw 3 of its levels.

You collected 78 gold pieces.

Inventory:

Hand Weapons
 f - a +0 dagger (weapon)
 n - a +0 spear of flaming
Missiles
 o - 6 boomerangs
Armour
 a - a +0 robe (worn)
Jewellery
 g - a +4 ring of protection (left hand)
Scrolls
 d - a scroll of blinking {unknown}
 e - a scroll of fog {unknown}
 h - a scroll of immolation {unknown}
 j - a scroll of noise {unknown}
 k - a scroll of teleportation {unknown}
 l - a scroll of brand weapon {unknown}
 m - a scroll of enchant weapon {unknown}
Potions
 b - a potion of magic
 c - a potion of lignification
 i - a potion of brilliance


   Skills:
 + Level 2.9 Dodging
 + Level 3.1 Stealth
 + Level 3.1 Spellcasting
 + Level 4.3 Ice Magic


You had 9 spell levels left.
You knew the following spells:

 Your Spells              Type           Power      Damage    Failure   Level
a - Freeze                Ice            72%        1d9       2%          1

Your spell library contained the following spells:

 Spells                   Type           Power      Damage    Failure   Level
 Frozen Ramparts          Ice            36%        1d5       9%          3
 Ozocubu's Armour         Ice            18%        N/A       9%          3
 Hailstorm                Conj/Ice       10%        3d5       54%         4


Dungeon Overview and Level Annotations

Branches:
Dungeon (3/15)

Altars:

Annotations:
D:2 Terence


Innate Abilities, Weirdness & Mutations

You have a pair of small antennae on your head.
You are partially covered in large bone plates. (SH +4)
A weak demonic guardian rushes to your aid.


Message History

Confirm with . or Enter, or press ? or * to list all spells.
Okay, then.
Okay, then.
Things that are here:
a +0 flail; a scroll labelled QUSUMA SEUVA Unknown command.
The gnoll hits you from afar with a +0 halberd.
The gnoll closely misses you.
Unknown command.
Casting: Freeze (safe; 2% risk of failure)
Confirm with . or Enter, or press ? or * to list all spells.
Aiming: Freeze (safe; 2% risk of failure)
Press: ? - help, Shift-Dir - straight line, f - gnoll
Aim: a gnoll, wielding a +0 spear You freeze the gnoll.
The gnoll is lightly wounded.
You block the gnoll's attack. The gnoll hits you with a +0 spear. x2
The gnoll barely misses you.
Casting: Freeze (safe; 2% risk of failure)
Confirm with . or Enter, or press ? or * to list all spells.
Aiming: Freeze (safe; 2% risk of failure)
Press: ? - help, Shift-Dir - straight line, f/p - gnoll
Aim: a gnoll, wielding a +0 spear (lightly wounded)
You freeze the gnoll!
The gnoll is severely wounded.
The gnoll hits you from afar with a +0 halberd!
The gnoll hits you with a +0 spear.
* * * LOW HITPOINT WARNING * * *
Casting: Freeze (safe; 2% risk of failure)
Confirm with . or Enter, or press ? or * to list all spells.
Aiming: Freeze (safe; 2% risk of failure)
Press: ? - help, Shift-Dir - straight line, f/p - gnoll
Aim: a gnoll, wielding a +0 spear (severely wounded)
You freeze the gnoll!
You kill the gnoll!
You block the gnoll's attack. The gnoll closely misses you.
You block the frilled lizard's attack. Magic courses through your body.
The gnoll hits you from afar with a +0 halberd!
You die...

#..###.#...##. ###...#.#.#...##@.
.............. ...<..............
#...........g. #...#.#.##..###.
.....#........####.....#.##......
#).#.#......g................###.
...........#.........#...........
##.........#...##.#..#....^..###.
...........#...##)#....>..##.....
.....##....#..gl@.#.......##...##
##.........##.g####..###..##...##
##.####. #. #..###......... ...#
.. ................
##########################.#.#..#
#..........................#.....
#.####.####.####.####.####.#.##.#
#.#..#.#..'.'..#.#..'.'.(#.#.....
#.#..#.#..#.#..#.#..#.#..#.#.....


You could see 2 gnolls and a frilled lizard.

Vanquished Creatures
  Jessica (D:2)
  Natasha (thrice) (D:2)
  2 gnolls (D:2)
  An adder (D:2)
  A dart slug (D:2)
  5 endoplasms
  4 giant cockroaches
  4 goblins
  3 hobgoblins
  5 kobolds (D:1)
  3 quokkas
  6 ball pythons
  7 bats
  2 frilled lizards (D:1)
  2 rats
49 creatures vanquished.

Notes
Turn   | Place    | Note
-------+----------+-------------------------------------------
     0 | D:1      | Zonian the Demonspawn Ice Elementalist began the quest for
                  | the Orb.
     0 | D:1      | Reached XP level 1. HP: 13/13 MP: 3/3
   305 | D:1      | Gained mutation: You have a pair of small antennae on your
                  | head. [demonic ancestry]
   305 | D:1      | Reached XP level 2. HP: 17/19 MP: 3/5
  1380 | D:2      | Noticed Jessica
  1389 | D:2      | Killed Jessica
  1390 | D:2      | Reached XP level 3. HP: 15/24 MP: 0/6
  1795 | D:2      | You fall into a shaft and drop 1 floor!
  1814 | D:3      | Reached skill level 4 in Ice Magic
  2252 | D:2      | Gained mutation: A weak demonic guardian rushes to your
                  | aid. [demonic ancestry]
  2252 | D:2      | Reached XP level 4. HP: 23/30 MP: 2/8
  2383 | D:2      | Noticed Terence
  2384 | D:2      | Noticed Natasha
  2467 | D:2      | Killed Natasha
  2706 | D:2      | Noticed Natasha
  2718 | D:2      | Killed Natasha
  3247 | D:2      | Noticed Natasha
  3260 | D:2      | Killed Natasha
  3261 | D:2      | Gained mutation: You are partially covered in large bone
                  | plates. (SH +4) [demonic ancestry]
  3261 | D:2      | Reached XP level 5. HP: 26/35 MP: 3/9
  3267 | D:2      | Slain by a gnoll

Illustrated notes

Levels and vault maps discovered:
D:1:      dpeg_arrival_simpleton_c, layout_loops_ring
D:2:      minmay_door_path, layout_basic, st_stairs_7, uniq_jessica,
          uniq_terence, uniq_natasha
D:3:      layout_rooms, ebering_ghost_sewer_d

Skill      XL: |  1  2  3  4 |
---------------+-------------+-----
Stealth        | 2 3 |  3.1
Dodging        | 2 |  2.9
Ice Magic      | 4 |  4.3
Spellcasting   | 3 |  3.1

Action                   |  1- 3 |  4- 6 || total
-------------------------+-------+-------++-------
Melee: Dagger            |    52 |    12 ||    64
       Unarmed           |     1 |       ||     1
       Punch             |     1 |       ||     1
 Cast: Freeze            |    34 |    28 ||    62
  Use: Scroll            |     2 |       ||     2
       Potion            |       |     1 ||     1
 Stab: Sleeping          |     8 |       ||     8
Armor: Robe              |    32 |    16 ||    48
Dodge: Dodged            |    58 |    31 ||    89
Block: Other             |       |     5 ||     5

Table legend: (Time is in decaauts)
 A = Elapsed time spent in this place.
 B = Non-inter-level travel time spent in this place.
 C = Inter-level travel time spent in this place.
 D = Time resting spent in this place.
 E = Time spent auto-exploring this place.
 F = Levels seen in this place.
 G = Mean time per level.
                   A        B        C        D        E       F      G
               +--------+--------+--------+--------+--------+-----+--------+
         Total |   3277 |   3239 |     38 |   1536 |   1144 |   3 | 1092.3 |
       Dungeon |   3277 |   3239 |     38 |   1536 |   1144 |   3 | 1092.3 |
               +--------+--------+--------+--------+--------+-----+--------+

Top non-repeatable levels by time:
     D:2: 1860 daAuts
     D:1: 998 daAuts
     D:3: 418 daAuts
